[Event "Late-Titled-Tuesday-Blitz-November-28-2023"]
[Site "Chess.com"]
[Date "2023.11.28"]
[Round "1"]
[White "tolimachess"]
[Black "Mikasinski"]
[Result "0-1"]
[WhiteElo "2376"]
[BlackElo "2703"]
[TimeControl "180+1"]
[EndTime "14:02:10 PST"]
[Termination "Mikasinski won by checkmate"]

1. e4 c5 2. Nc3 Nc6 3. g3 g6 4. Bg2 Bg7 5. d3 d6 6. Be3 e6 7. Qd2 Rb8 8. a4 a6 9. f4 Nge7 10. Nf3 Nd4 11. O-O b5 12. axb5 axb5 13. Rab1 Qa5 14.
Ne2 Qxd2 15. Nxd2 Nxe2+ 16. Kf2 Nd4 17. c3 Nc2 18. Ke2 Nxe3 19. Kxe3 O-O 20. d4 b4 21. Nc4 Ba6 22. Nxd6 Bxf1 23. Rxf1 bxc3 24. bxc3 cxd4+ 25. cxd4 Rb3+ 26. Kd2 Rb2+ 27. Kc3 Rxg2 28. e5 Nd5+ 29. Kc4 Rxh2 30. Kc5 Rc2+ 31. Kb5 Rb8+ 32. Nb7 Rxb7+ 33. Ka6 Rb6+ 34. Ka5 Ra2# 0-1

[Event "Late-Titled-Tuesday-Blitz-November-28-2023"]
[Site "Chess.com"]
[Date "2023.11.28"]
[Round "1"]
[White "promen1999"]
[Black "Zq1"]
[Result "1-0"]
[WhiteElo "2869"]
[BlackElo "2444"]
[TimeControl "180+1"]
[EndTime "14:02:33 PST"]
[Termination "promen1999 won by resignation"]

1. Nf3 d5 2. g3 Nf6 3. Bg2 c6 4. O-O Bf5 5. d3 h6 6. c4 e6 7. Qb3 Qb6 8. Be3 Qxb3 9. axb3 a6 10. Bd4 Nbd7 11. Nbd2 Be7 12. Bc3 O-O 13. b4 Bh7 14. Nb3 Rfd8 15. Na5 Rab8 16. Rfd1 Bd6 17. Nd2 Bc7 18. Ndb3 dxc4 19. dxc4 Bc2 20. Rd2 Bxb3 21. Nxb3 Be5 1-0

[Event "Late-Titled-Tuesday-Blitz-November-28-2023"]
[Site "Chess.com"]
[Date "2023.11.28"]
[Round "1"]
[White "Maksimus1998"]
[Black "nitpicker"]
[Result "0-1"]
[WhiteElo "2593"]
[BlackElo "2326"]
[TimeControl "180+1"]
[EndTime "14:02:42 PST"]
[Termination "nitpicker won by resignation"]

1. d4 Nf6 2. Nf3 b6 3. Bg5 e6 4.
e4 h6 5. Bxf6 Qxf6 6. c3 Bb7 7.
Nbd2 g6 8. Bd3 Bg7 9. O-O O-O 10. a4 a6 11. Qe2 d6 12. e5 dxe5 13. Nxe5 Qe7 14.
Be4 Ra7 15. a5 b5 16. Bxb7 Rxb7 17. Ne4 Bxe5 18. dxe5 Nd7 0-1

[Event "Late-Titled-Tuesday-Blitz-November-28-2023"]
[Site "Chess.com"]
[Date "2023.11.28"]
[Round "1"]
[White "GlavkonVVS"]
[Black "JaackCamel"]
[Result "1-0"]
[WhiteElo "2519"]
[BlackElo "2000"]
[TimeControl "180+1"]
[EndTime "14:02:42 PST"]
[Termination "GlavkonVVS won by resignation"]

1. Nf3 d5 2. c4 e6 3. d4 c6 4. Nc3 dxc4 5. a4 Bb4 6. e3 b5 7. Nd2 a6 8. axb5 Bxc3 9. bxc3 cxb5 10. Qf3 Ra7 11. Qg3 Nd7 12. Qxg7 Qf6 13. Qg3 Ne7 14. Ba3 Rg8 15. Bxe7 Rxg3 16. Bxf6 Rg4 17. h3 1-0

[Event "Late-Titled-Tuesday-Blitz-November-28-2023"]
[Site "Chess.com"]
[Date "2023.11.28"]
[Round "1"]
[White "chenrip"]
[Black "Arifarsky"]
[Result "1/2-1/2"]
[WhiteElo "2412"]
[BlackElo "2741"]
[TimeControl "180+1"]
[EndTime "14:03:06 PST"]
[Termination "Game drawn by repetition"]

1. e4 e5 2. Nf3 Nc6 3. d4 exd4 4. Nxd4 Nf6 5. Nxc6 bxc6 6. Qe2 Bc5 7. Bg5 h6 8. e5 O-O 9. Bxf6 gxf6 10. Qg4+ Kh8 11. Qh4 Kg7 12. Qg4+ Kh8 13. Qh4 Kg7 14. Qg4+ Kh8 1/2-1/2

[Event "Late-Titled-Tuesday-Blitz-November-28-2023"]
[Site "Chess.com"]
[Date "2023.11.28"]
[Round "1"]
[White "morte-negra"]
[Black "Staudenhocker43"]
[Result "0-1"]
[WhiteElo "2023"]
[BlackElo "2520"]
[TimeControl "180+1"]
[EndTime "14:03:07 PST"]
[Termination "Staudenhocker43 won by resignation"]

1. e4 c6 2. d4 d5 3. e5 Bf5 4. h4 h5 5. Bd3 Bxd3 6. Qxd3 Qa5+ 7. b4 Qa6 8. Qb3 e6 9. Ne2 Ne7 10. Nbc3 Nf5 11. g3 Qb6 12. O-O Nxd4 13. Nxd4 Qxd4 14. Bf4 Qxb4 15. Rab1 Qxb3 16. Rxb3 b5 17. a4 b4 18. Na2 c5 19. c3 a5 20. Rc1 c4 0-1

[Event "Late-Titled-Tuesday-Blitz-November-28-2023"]
[Site "Chess.com"]
[Date "2023.11.28"]
[Round "1"]
[White "Jospem"]
[Black "LastHeroJr"]
[Result "1-0"]
[WhiteElo "3062"]
[BlackElo "2491"]
[TimeControl "180+1"]
[EndTime "14:03:17 PST"]
[Termination "Jospem won by resignation"]

1. e4 c6 2. d4 d5 3. e5 e6 4. c3 Nd7 5. Bd3 b6 6. Qe2 Bb7 7. f4 c5 8. Nf3 Ne7 9. O-O g6 10. Be3 Nc6 11. Nbd2 Bg7 12. a3 O-O 13. Bf2 a6 14. h4 b5 15. h5 c4 16. Bc2 f5 17. exf6 Qxf6 18. hxg6 hxg6 19. Bh4 Qxf4 20. Qxe6+ Rf7 21. Ng5 Bxd4+ 22. cxd4 Qxd4+ 23. Bf2 1-0

[Event "Late-Titled-Tuesday-Blitz-November-28-2023"]
[Site "Chess.com"]
[Date "2023.11.28"]
[Round "1"]
[White "djano"]
[Black "Charodej1"]
[Result "1-0"]
[WhiteElo "2557"]
[BlackElo "2208"]
[TimeControl "180+1"]
[EndTime "14:03:17 PST"]
[Termination "djano won by resignation"]

1. e4 c6 2. d4 d5 3. exd5 cxd5 4. Bd3 Nc6 5. c3 Nf6 6. Bf4 Bg4 7. Qb3 Qd7 8. Nd2 e6 9. Ngf3 Bxf3 10. Nxf3 Bd6 11. Bxd6 Qxd6 12. O-O O-O 13. Rae1 Rab8 14. Ne5 Rfc8 15. f4 b5 16. a3 Na5 17. Qd1 Nc4 18. Qe2 a5 19. g4 b4 20. g5 Nd7 21.
Bxh7+ Kxh7 22. Qh5+ Kg8 23. Qxf7+ Kh8 24. Rf3 1-0

[Event "Late-Titled-Tuesday-Blitz-November-28-2023"]
[Site "Chess.com"]
[Date "2023.11.28"]
[Round "1"]
[White "StellarChessPro"]
[Black "cthake"]
[Result "1-0"]
[WhiteElo "2512"]
[BlackElo "1908"]
[TimeControl "180+1"]
[EndTime "14:03:29 PST"]
[Termination "StellarChessPro won by resignation"]

1. b3 e5 2. Bb2 Nc6 3. e3 d5 4.
Bb5 Bd6 5. Nf3 Qe7 6. d4 e4 7. Ne5 Bd7 8. Nxd7 Qxd7 9. O-O Nge7 10. c4 a6 11. Bxc6 Nxc6 12. cxd5 Ne7 13. Nc3 f5 14. f3 O-O 15. fxe4 fxe4 16. Qe2 Rae8 17. Nxe4 Nxd5 18.
Nxd6 Qxd6 19. e4 Rxf1+ 20. Rxf1 Qg6 21. Qf3 Nf6 22. e5 Ne4 23. Bc1 c6 24. h4 h6 25.
h5 Qh7 26. Qf7+ 1-0

[Event "Late-Titled-Tuesday-Blitz-November-28-2023"]
[Site "Chess.com"]
[Date "2023.11.28"]
[Round "1"]
[White "A-Fier"]
[Black "Nick12772"]
[Result "1-0"]
[WhiteElo "2740"]
[BlackElo "2402"]
[TimeControl "180+1"]
[EndTime "14:03:36 PST"]
[Termination "A-Fier won by resignation"]

1. Nf3 Nf6 2. g3 g6 3. Bg2 Bg7 4. O-O O-O 5. c4 c5 6. d4 cxd4 7. Nxd4 Nc6 8. Nc3 Nxd4 9. Qxd4 d6 10. Qd3 a6 11. Bd2 Rb8 12. Rac1 Bf5 13. e4 Be6 14. b3 Qd7 15. Nd5 Nxd5 16. exd5 Bh3 17. Bxh3 Qxh3 18.
Rfe1 Rfe8 19. a4 Qd7 20. a5 Qc7 21. b4 Bf6 22. c5 dxc5 23. Bf4 Qd7 24. Bxb8 Rxb8 25.
bxc5 Rd8 26. Red1 h5 27. Qb3 Qc7 28. Qb6 Qc8 29. c6 bxc6 30. dxc6 Rxd1+ 31. Rxd1 Kg7 32. c7 Qg4 33. Rc1 Bd4 34. c8=Q 1-0

[Event "Late-Titled-Tuesday-Blitz-November-28-2023"]
[Site "Chess.com"]
[Date "2023.11.28"]
[Round "1"]
[White "rdarruda"]
[Black "dianamirza"]
[Result "1-0"]
[WhiteElo "2522"]
[BlackElo "2023"]
[TimeControl "180+1"]
[EndTime "14:03:37 PST"]
[Termination "rdarruda won by resignation"]

1. Nf3 d5 2. d4 c6 3. c4 Bf5 4. e3 Nf6 5. Nc3 e6 6. Bd3 Bxd3 7. Qxd3 Be7 8. O-O O-O 9. e4 dxe4 10.
Nxe4 Nxe4 11. Qxe4 Nd7 12. b3 Nf6 13. Qe2 Qb6 14.
Bb2 Rad8 15. Rad1 Qc7 16. a3 Qf4 17. Rfe1 Rd7 18. g3 Qh6 19. Kg2 Rfd8 20. Ne5 Rc7 21. h3 Nd7 22. Bc1 Qf6 23. Ng4 Qf5 24. Bf4 Rcc8 25. b4 g5 26. Nh6+ 1-0

[Event "Late-Titled-Tuesday-Blitz-November-28-2023"]
[Site "Chess.com"]
[Date "2023.11.28"]
[Round "1"]
[White "szachmistrz2500"]
[Black "dropstoneDP"]
[Result "0-1"]
[WhiteElo "2475"]
[BlackElo "2967"]
[TimeControl "180+1"]
[EndTime "14:03:52 PST"]
[Termination "dropstoneDP won by resignation"]

1. Nf3 d5 2. g3 Nf6 3. Bg2 e6 4. O-O Be7 5. d3 O-O 6. Nbd2 a5 7. e4 a4 8. e5 Nfd7 9. Re1 a3 10. b3 Bb4 11. c4 c5 12. Re2 Nc6 13. Nf1 Bc3 14.
Rb1 Ndxe5 15. Nxe5 Bxe5 16. Ne3 Bd4 17. cxd5 exd5 18.
Nxd5 Bg4 19. Be3 Re8 20. Qd2 Bxe2 21. Qxe2 Qd6 22. Rc1 Rad8 23. Be4 Qe5 24. Kg2 Rxd5 25. Bxd5 Qxd5+ 26. Qf3 Qxf3+ 27. Kxf3 Nb4 28. Bxd4 cxd4 29. Rc7 Nxa2 30. Rxb7 Nc3 31. Ra7 a2 0-1

[Event "Late-Titled-Tuesday-Blitz-November-28-2023"]
[Site "Chess.com"]
[Date "2023.11.28"]
[Round "1"]
[White "JiiHart"]
[Black "dodoucb"]
[Result "0-1"]
[WhiteElo "2123"]
[BlackElo "2528"]
[TimeControl "180+1"]
[EndTime "14:03:52 PST"]
[Termination "dodoucb won by resignation"]

1. e4 c6 2. d4 d5 3. Nd2 dxe4 4.
Nxe4 Bf5 5. Ng3 Bg6 6. h4 h6 7. Bc4 Nd7 8. N1e2 e6 9. Nf4 Bh7 10. Ngh5 Ngf6 11. Qe2 Nxh5 12. Nxh5 Nf6 13. Nxf6+ Qxf6 14. Be3 Bb4+ 15. c3 Bd6 16. Bd3 Bxd3 17. Qxd3 O-O 18.
O-O-O Rfd8 19. g4 Qf3 20. g5 h5 21. g6 f5 22. Rhg1 f4 23. Bd2 Qxd3 0-1

[Event "Late-Titled-Tuesday-Blitz-November-28-2023"]
[Site "Chess.com"]
[Date "2023.11.28"]
[Round "1"]
[White "NigelDwarf"]
[Black "Yushko_Olga"]
[Result "1-0"]
[WhiteElo "2533"]
[BlackElo "2139"]
[TimeControl "180+1"]
[EndTime "14:04:01 PST"]
[Termination "NigelDwarf won by resignation"]

1. b3 e6 2. Bb2 f5 3. e3 Nf6 4. f4 Be7 5. Nf3 O-O 6. Be2 d6 7. O-O Qe8 8. d3 Nc6 9. Qe1 Qg6 10. Nbd2 Bd7 11. Kh1 Rae8 12. a3 Qh6 13. b4 Ng4 14. Bd1 e5 15. fxe5 dxe5 16. e4 f4 17. Nc4 Bh4 18. Qxh4 Qg6 19. b5 Nd8 20. Ncxe5 1-0

[Event "Late-Titled-Tuesday-Blitz-November-28-2023"]
[Site "Chess.com"]
[Date "2023.11.28"]
[Round "1"]
[White "Hongjin"]
[Black "DAVIDHDZSTS"]
[Result "1-0"]
[WhiteElo "2516"]
[BlackElo "1990"]
[TimeControl "180+1"]
[EndTime "14:04:14 PST"]
[Termination "Hongjin won by checkmate"]

1. e4 c5 2. Nf3 e6 3. Nc3 a6 4. g3 d5 5. Bg2 d4 6. Ne2 Nc6 7. O-O Nf6 8. d3 Be7 9. Nh4 O-O 10. f4 Ng4 11. Nf3 b5 12. h3 Nf6 13.
g4 Bb7 14. Ng3 Qc7 15. g5 Nd7 16. h4 Nb6 17. Nh2 c4 18. Qh5 Nb4 19. Ng4 cxd3 20. e5 Bxg2 21. Nf6+ Bxf6 22. gxf6 Bxf1 23. Qg5 g6 24. Qh6 Qc6 25. Qg7# 1-0

[Event "Late-Titled-Tuesday-Blitz-November-28-2023"]
[Site "Chess.com"]
[Date "2023.11.28"]
[Round "1"]
[White "krzyzan94"]
[Black "PapaieDudu"]
[Result "1-0"]
[WhiteElo "2751"]
[BlackElo "2410"]
[TimeControl "180+1"]
[EndTime "14:04:22 PST"]
[Termination "krzyzan94 won by checkmate"]

1. e4 c5 2. Nf3 d6 3. d4 cxd4 4. Nxd4 Nf6 5. Nc3 a6 6. Be2 e6 7. Be3 Be7 8. g4 b5 9. g5 Nfd7 10. a3 Bb7 11. Qd2 Nc6 12. h4 Nc5 13. f3 Rc8 14. h5 Qc7 15. Nxc6 Qxc6 16. O-O-O g6 17.
hxg6 fxg6 18. Bd4 e5 19. Be3 Kf8 20. Nd5 Nb3+ 21. Kb1 Nxd2+ 22. Rxd2 Bd8 23. f4 Kg7 24. f5 Rf8 25. f6+ Kg8 26. Bg4 Rf7 27. Be6 Qe8 28.
Bg4 h5 29. gxh6 Bxf6 30. h7+ Kh8 31. Nxf6 Rxf6 32. Bg5 Re6 33. Rf2 Bxe4 34. Bxe6 Bxh1 35. Bf6+ Kxh7 36. Rh2# 1-0

[Event "Late-Titled-Tuesday-Blitz-November-28-2023"]
[Site "Chess.com"]
[Date "2023.11.28"]
[Round "1"]
[White "Romadk"]
[Black "Arash_Tahbaz"]
[Result "0-1"]
[WhiteElo "2454"]
[BlackElo "2902"]
[TimeControl "180+1"]
[EndTime "14:04:30 PST"]
[Termination "Arash_Tahbaz won by resignation"]

1. d4 g6 2. e4 Bg7 3. Nf3 d6 4. Bc4 e6 5. Qe2 a6 6. c3 Nd7 7.
a4 b6 8. O-O Bb7 9. Re1 h6 10. Nbd2 g5 11. Nf1 Ngf6 12. Ng3 O-O 13. e5 dxe5 14. Nxe5 Qe7 15. Bd3 c5 16. dxc5 Nxe5 17.
Qxe5 Qxc5 18. Qxc5 bxc5 19. Ne4 Nxe4 20. Bxe4 Rab8 21.
Bc2 Bd5 22. Rb1 Ba2 23. Ra1 Bd5 24. Rb1 Rb7 25. Be4 Bxe4 26. Rxe4 Bxc3 27. Rc4 Bd4 28.
b4 Rfb8 29. Bd2 e5 30. Kf1 f6 31. Ke2 Kf7 32. Kd3 Ke6 33. g3 Kd5 34. f4 e4+ 0-1

[Event "Late-Titled-Tuesday-Blitz-November-28-2023"]
[Site "Chess.com"]
[Date "2023.11.28"]
[Round "1"]
[White "MajorCoast"]
[Black "Redzishchess"]
[Result "1-0"]
[WhiteElo "2230"]
[BlackElo "2531"]
[TimeControl "180+1"]
[EndTime "14:04:33 PST"]
[Termination "MajorCoast won by resignation"]

1. a4 a5 2. c3 Nf6 3. d4 d5 4. Bf4 Bf5 5. e3 c6 6. Bd3 Bxd3 7. Qxd3 e6 8. Nf3 Bd6 9. Bxd6 Qxd6 10. Ne5 Nbd7 11.
f4 Ne4 12. Nd2 Ndf6 13. O-O Nxd2 14. Qxd2 Ne4 15. Qe2 O-O 16. Qg4 f6 17. Nd3 Rfe8 18.
Nf2 b5 19. Nxe4 dxe4 20. f5 Qd5 21. fxe6 Rxe6 22. Rf5 Qb3 23. axb5 Qxb2 24. Rff1 Re7 25. bxc6 Qxc3 26. Rac1 Qxe3+ 27. Kh1 Rb7 28. cxb7 1-0

[Event "Late-Titled-Tuesday-Blitz-November-28-2023"]
[Site "Chess.com"]
[Date "2023.11.28"]
[Round "1"]
[White "WindWhistler11"]
[Black "campochess"]
[Result "1-0"]
[WhiteElo "2558"]
[BlackElo "2217"]
[TimeControl "180+1"]
[EndTime "14:04:48 PST"]
[Termination "WindWhistler11 won by resignation"]

1. Nf3 c5 2. g3 Nc6 3. Bg2 g6 4.
d3 Bg7 5. O-O Nf6 6. Nbd2 d5 7.
e4 e6 8. a3 Nd7 9. Rb1 O-O 10.
b4 cxb4 11. axb4 b5 12. exd5 exd5 13. Re1 Nb6 14. h3 Bd7 15. Nb3 Nxb4 16. Ba3 a5 17. Nxa5 Nxd3 18. Qxd3 Rxa5 19. Bxf8 Qxf8 20. Nd4 Qc5 21. Nb3 Qb4 22. Nxa5 Qxa5 23. Ra1 Qb4 24. Rab1 Qc5 25. Qe3 Bd4 26. Qf4 Nc4 27. Red1 Be5 28. Qg5 Be6 29. Bxd5 Bxd5 30. Qd8+ Kg7 31. Rxd5 Qc7 32.
Qxc7 Bxc7 33. Rbxb5 Bd8 34. Rxd8 1-0

[Event "Late-Titled-Tuesday-Blitz-November-28-2023"]
[Site "Chess.com"]
[Date "2023.11.28"]
[Round "1"]
[White "Gyulamiryan-koryun"]
[Black "gmpeter008"]
[Result "0-1"]
[WhiteElo "1934"]
[BlackElo "2516"]
[TimeControl "180+1"]
[EndTime "14:04:49 PST"]
[Termination "gmpeter008 won by resignation"]

1. e4 e6 2. d4 d5 3. Nd2 Nf6 4. e5 Nfd7 5. Bd3 c5 6. c3 Nc6 7.
Ne2 Be7 8. O-O O-O 9. a3 a5 10.
Nf3 f5 11. exf6 Bxf6 12. Be3 e5 13. dxe5 Ncxe5 14. Nxe5 Bxe5 15. Qc2 Qh4 16. g3 Qh5 17. Nf4 Bxf4 18. Bxf4 Rxf4 19. gxf4 Nf6 20. Be2 Ng4 21. Bxg4 Qxg4+ 22. Kh1 Qf3+ 23. Kg1 Bh3 0-1

[Event "Late-Titled-Tuesday-Blitz-November-28-2023"]
[Site "Chess.com"]
[Date "2023.11.28"]
[Round "1"]
[White "Oleksandr_Bortnyk"]
[Black "venturov"]
[Result "1-0"]
[WhiteElo "3045"]
[BlackElo "2490"]
[TimeControl "180+1"]
[EndTime "14:04:53 PST"]
[Termination "Oleksandr_Bortnyk won by resignation"]

1. e4 Nf6 2. e5 Nd5 3. d4 d6 4. Nf3 dxe5 5. c4 e4 6. cxd5 exf3 7. Qxf3 g6 8. Bf4 Bg7 9. Nc3 O-O 10. Qg3 Bf5 11. Bxc7 Qd7 12. Bb5 Qc8 13. Be5 a6 14.
Bxg7 Kxg7 15. Be2 Nd7 16. Rc1 Nf6 17. O-O Qd7 18. Qe5 Rad8 19. Rfe1 Qd6 20. Bf3 Rfe8 21. h3 Qb4 22. g4 Bd7 23. g5 Qxb2 24. Ne4 Qb6 25. d6 Kf8 26. gxf6 1-0

[Event "Late-Titled-Tuesday-Blitz-November-28-2023"]
[Site "Chess.com"]
[Date "2023.11.28"]
[Round "1"]
[White "VitorBronson"]
[Black "Chessnut2018"]
[Result "1-0"]
[WhiteElo "2506"]
[BlackElo "1261"]
[TimeControl "180+1"]
[EndTime "14:04:53 PST"]
[Termination "VitorBronson won by checkmate"]

1. d4 d5 2. c4 e6 3. Nc3 Nf6 4. Nf3 Be7 5. Bf4 c6 6. e3 Nbd7 7. Bd3 O-O 8. h3 a6 9. O-O c5 10. cxd5 Nxd5 11. Nxd5 exd5 12. dxc5 Nxc5 13. Bc2 Be6 14. Nd4 g6 15. Rc1 Ne4 16. Nxe6 fxe6 17. Bxe4 dxe4 18. Qg4 Qb6 19. Bc7 Qb5 20. Qxe6+ Rf7 21.
f3 Qf5 22. Qb3 Kg7 23. fxe4 Qxf1+ 24. Rxf1 Rxf1+ 25. Kxf1 Rf8+ 26. Ke2 b5 27. Be5+ Bf6 28. Bxf6+ Rxf6 29. e5 Rf5 30. Qe6 Kh6 31. g4 Rf8 32. Qe7 Rc8 33. h4 Rc2+ 34. Kf3 Rxb2 35. Qf8# 1-0

[Event "Late-Titled-Tuesday-Blitz-November-28-2023"]
[Site "Chess.com"]
[Date "2023.11.28"]
[Round "1"]
[White "GMthekingindian"]
[Black "Tomytoteph"]
[Result "0-1"]
[WhiteElo "2325"]
[BlackElo "2625"]
[TimeControl "180+1"]
[EndTime "14:04:54 PST"]
[Termination "Tomytoteph won by resignation"]

1. e4 c5 2. c3 g6 3. d4 cxd4 4.
cxd4 d5 5. exd5 Nf6 6. Bb5+ Nbd7 7. Nc3 Bg7 8. d6 e6 9. Nf3 O-O 10. Bf4 a6 11. Be2 Nb6 12. O-O Nh5 13. Be5 f6 14. Bg3 Nxg3 15. hxg3 Qxd6 16. Qb3 Nd5 17. Rfe1 Bd7 18. Bc4 Bc6 19. Rxe6 Qxe6 20. Nxd5 Kh8 21. Nc7 Qd6 22. Nxa8 Rxa8 23. Re1 b5 24. Bf7 Rd8 25. d5 Bb7 26. Re6 Qd7 27. Bxg6 Bxd5 0-1

[Event "Late-Titled-Tuesday-Blitz-November-28-2023"]
[Site "Chess.com"]
[Date "2023.11.28"]
[Round "1"]
[White "aa175"]
[Black "acertijo08"]
[Result "1-0"]
[WhiteElo "2599"]
[BlackElo "2286"]
[TimeControl "180+1"]
[EndTime "14:04:54 PST"]
[Termination "aa175 won by resignation"]

1. d4 Nf6 2. Bf4 e6 3. e3 d5 4. Nf3 c5 5. Nbd2 Nc6 6. c3 Bd6 7. Bg3 O-O 8. Bd3 b6 9. e4 Be7 10. e5 Nh5 11. Ng5 Bxg5 12. Qxh5 Bxd2+ 13. Kxd2 g6 14. Qh6 cxd4 15. h4 dxc3+ 16. bxc3 d4 17. c4 Qe7 18. h5 Qb4+ 19. Ke2 Qb2+ 20. Kf3 Qa3 21. Rad1 Bb7 22. Ke2 Qe7 23. Bh4 f6 24. exf6 Rxf6 25. hxg6 hxg6 26. Bxf6 Qxf6 27. Qh7+ Kf8 28.
Qxb7 Qe5+ 29. Kf1 1-0

[Event "Late-Titled-Tuesday-Blitz-November-28-2023"]
[Site "Chess.com"]
[Date "2023.11.28"]
[Round "1"]
[White "krucki03"]
[Black "TRadjabov"]
[Result "0-1"]
[WhiteElo "2482"]
[BlackElo "3005"]
[TimeControl "180+1"]
[EndTime "14:04:55 PST"]
[Termination "TRadjabov won by resignation"]

1. e4 b6 2. d4 Bb7 3. Bd3 e6 4. Qe2 d6 5. c3 Nd7 6. f4 Ngf6 7. Nf3 Be7 8. O-O O-O 9. e5 Nd5 10. Be3 dxe5 11. fxe5 c5 12. Nbd2 cxd4 13. cxd4 Rc8 14. a3 Nc5 15. Bb1 Ba6 16. Qe1 Bxf1 17. Kxf1 Na4 18. Ne4 Qd7 19. Bd2 Qb5+ 20. Kg1 Qxb2 21.
Bd3 Qb3 22. Nf2 Nb2 23. Bb1 Nc4 24. Bd3 Nxd2 25. Nxd2 Qc3 26. Nf3 Qxe1+ 27. Rxe1 Bxa3 28. Ra1 Rc1+ 0-1

[Event "Late-Titled-Tuesday-Blitz-November-28-2023"]
[Site "Chess.com"]
[Date "2023.11.28"]
[Round "1"]
[White "HalfIsCrayfish"]
[Black "Mbneu"]
[Result "1-0"]
[WhiteElo "2591"]
[BlackElo "2258"]
[TimeControl "180+1"]
[EndTime "14:04:59 PST"]
[Termination "HalfIsCrayfish won by resignation"]

1. e4 e5 2. d4 exd4 3. Nf3 Nc6 4. Nxd4 Nf6 5. Nc3 Bb4 6. Nxc6 bxc6 7. Bd3 d5 8. exd5 cxd5 9. O-O O-O 10. Bg5 c6 11.
Qf3 Rb8 12. h3 Be6 13. Ne2 Be7 14. b3 Nd7 15. Bxe7 Qxe7 16. Rae1 Qf6 17. Nf4 Nc5 18. Qg3 Nxd3 19. Nxd3 Bf5 20. Qe5 Qxe5 21. Rxe5 Bxd3 22.
cxd3 Rfe8 23. Rfe1 Kf8 24. f4 f6 25. Rxe8+ Rxe8 26. Rxe8+ Kxe8 27. d4 a5 28. Kf2 Kd7 29. Ke3 Kc7 30. Kd3 Kb6 31. Kc3 Kb5 32. a4+ Kb6 33. b4 f5 34. h4 h5 35. g3 g6 36. bxa5+ Kxa5 37. Kb3 Ka6 38. Kb4 Kb6 39. a5+ Kc7 40. Kc5 1-0

[Event "Late-Titled-Tuesday-Blitz-November-28-2023"]
[Site "Chess.com"]
[Date "2023.11.28"]
[Round "1"]
[White "wanyaland"]
[Black "eljanov"]
[Result "0-1"]
[WhiteElo "2445"]
[BlackElo "2870"]
[TimeControl "180+1"]
[EndTime "14:05:00 PST"]
[Termination "eljanov won by resignation"]

1. d4 d5 2. c4 e6 3. g3 dxc4 4. Bg2 c5 5. Qa4+ Bd7 6. Qxc4 Bc6 7. Bxc6+ Nxc6 8. dxc5 Qa5+ 9. Nc3 Qxc5 10. Qxc5 Bxc5 11.
Nf3 Nf6 12. O-O O-O 13. Bg5 Nd4 14. Nxd4 Bxd4 15. Bd2 Rac8 16. Rfd1 a6 17. Rac1 Rc6 18. e3 Be5 19. f4 Bxc3 20. Rxc3 Rd6 21. Kf1 Ne4 22. Rc2 Rfd8 23. Ke2 f5 24. a4 Kf7 25. b3 Kg6 26. Rb2 Kh5 27. Rc2 Kg4 28. h3+ Kxh3 29. Kf3 Nxd2+ 30. Rcxd2 Rxd2 0-1

[Event "Late-Titled-Tuesday-Blitz-November-28-2023"]
[Site "Chess.com"]
[Date "2023.11.28"]
[Round "1"]
[White "melissa_guez"]
[Black "JuniorJumper"]
[Result "1-0"]
[WhiteElo "2254"]
[BlackElo "2552"]
[TimeControl "180+1"]
[EndTime "14:05:11 PST"]
[Termination "melissa_guez won on time"]

1. e4 e5 2. Nf3 Nc6 3. Bb5 a6 4. Ba4 Nge7 5. Nc3 g6 6. d4 exd4 7.
Nd5 Bg7 8. Bg5 h6 9. Bf6 Bxf6 10.
Nxf6+ Kf8 11. Nxd4 Kg7 12. Qd2 Kxf6 13. Qc3 Nxd4 14.
Qxd4+ Ke6 15. Bb3+ d5 16. O-O-O c5 17. exd5+ Kd7 18.
Qxc5 Qc7 19. Qd4 Qd6 20. Qxh8 Kc7 21. Rhe1 Rb8 22. Qe5 1-0

[Event "Late-Titled-Tuesday-Blitz-November-28-2023"]
[Site "Chess.com"]
[Date "2023.11.28"]
[Round "1"]
[White "Alex_Banzea"]
[Black "hristos03"]
[Result "1-0"]
[WhiteElo "2678"]
[BlackElo "2356"]
[TimeControl "180+1"]
[EndTime "14:05:18 PST"]
[Termination "Alex_Banzea won by resignation"]

1. d4 d5 2. Nc3 Nf6 3. Bf4 Bf5 4.
f3 e6 5. g4 Bg6 6. h4 h5 7. g5 Nfd7 8. e3 a6 9. Bd3 Bxd3 10.
Qxd3 Bd6 11. Nge2 Nc6 12. Bxd6 cxd6 13. Nf4 Qb6 14. g6 Rh6 15. gxf7+ Kxf7 16. Rg1 Nf6 17. O-O-O Qa5 18. e4 Nb4 19. Qe3 Nxa2+ 20. Nxa2 Qxa2 21. exd5 Nxd5 22. Nxd5 Qxd5 23. Rg5 Qa2 24. Rdg1 Rg8 25. Qf4+ Rf6 26. Qxd6 Qa1+ 27. Kd2 Qxb2 28. Rxg7+ Rxg7 29. Qd7+ Kf8 30. Qxg7+ Ke8 31. Qxf6 1-0

[Event "Late-Titled-Tuesday-Blitz-November-28-2023"]
[Site "Chess.com"]
[Date "2023.11.28"]
[Round "1"]
[White "miraitrunks"]
[Black "ThePeacefulPanda"]
[Result "0-1"]
[WhiteElo "2033"]
[BlackElo "2523"]
[TimeControl "180+1"]
[EndTime "14:05:20 PST"]
[Termination "ThePeacefulPanda won on time"]

1. e4 e5 2. Nf3 Nc6 3. Bb5 Nf6 4. O-O Nxe4 5. d4 Nd6 6. dxe5 Nxb5 7. a4 d6 8. axb5 Nxe5 9. Re1 Be7 10. Nxe5 dxe5 11. Qxd8+ Bxd8 12. Rxe5+ Be6 13. Nc3 Bf6 14. Re2 Bxc3 15.
bxc3 O-O 16. Ra4 Bd7 17. Rb4 c5 18. bxc6 Bxc6 19. Be3 a5 20. Rb1 Rfe8 21. h3 a4 22. Rd2 Rad8 23. Rd4 f6 24. Rbd1 Ra8 25. Ra1 Kf7 26. Rb4 g5 27. c4 h5 28. Ra2 h4 29.
Bb6 Re4 30. Bc5 Rd8 31. Rbxa4 Rd1+ 32. Kh2 Ree1 0-1

[Event "Late-Titled-Tuesday-Blitz-November-28-2023"]
[Site "Chess.com"]
[Date "2023.11.28"]
[Round "1"]
[White "ATM622"]
[Black "OparinGrigoriy"]
[Result "0-1"]
[WhiteElo "2480"]
[BlackElo "3004"]
[TimeControl "180+1"]
[EndTime "14:05:22 PST"]
[Termination "OparinGrigoriy won on time"]

1. d4 d5 2. c4 e6 3. Nf3 Nf6 4. g3 dxc4 5. Bg2 a6 6. O-O Nc6 7. Nc3 Rb8 8. a4 b5 9. axb5 axb5 10. e4 Be7 11. d5 exd5 12. exd5 Nb4 13. Ne5 O-O 14.
Be3 Bd6 15. Nc6 Nxc6 16. dxc6 b4 17. Ba7 bxc3 18. Bxb8 cxb2 19. Rb1 c3 20. Qc2 Ba6 21. Ba7 Bxf1 22. Bxf1 Be5 23. Bc5 Re8 24. Rd1 Qa8 25. Bb5 Qa5 26. Qb3 c2 27. Re1 c1=Q 0-1

[Event "Late-Titled-Tuesday-Blitz-November-28-2023"]
[Site "Chess.com"]
[Date "2023.11.28"]
[Round "1"]
[White "h4parah5"]
[Black "Jaka_Brilej"]
[Result "1-0"]
[WhiteElo "2931"]
[BlackElo "2470"]
[TimeControl "180+1"]
[EndTime "14:05:26 PST"]
[Termination "h4parah5 won by resignation"]

1. d4 Nf6 2. Nf3 g6 3. c4 Bg7 4. e3 O-O 5. Be2 d6 6. Nc3 Nbd7 7. O-O e5 8. Qc2 Qe7 9. b4 c6 10. a4 e4 11. Nd2 d5 12. Ba3 Rd8 13. b5 Qe6 14.
Rfc1 Nb6 15. cxd5 cxd5 16. a5 Nbd7 17. Na4 Bf8 18. Nc5 Qe8 19. a6 b6 20. Nb7 Bxa3 21. Rxa3 Qe7 22. Nxd8 Qxa3 23. Nc6 Nf8 24. Nb1 Qd6 25.
Nxa7 Bxa6 26. bxa6 Rxa7 27. Nc3 Qb8 28. Ra1 Qa8 29.
Qa4 Ne6 30. Nb5 Re7 31. a7 Nc7 32. Qb4 Rd7 33. Nxc7 Rxc7 34. Qxb6 Ne8 35. Qb8 Rc8 36. Qxc8 1-0